 Dungeon Crawl Stone Soup version 0.24-a0-335-g06ca16a (webtiles) character file.

Game seed: 17547951641164886724

402 Borgoz the Twirler (level 6, 0/37 HPs)
             Began as a Gargoyle Gladiator on May 19, 2019.
             Was an Initiate of Ashenzari.
             Killed from afar by an orc wizard (4 damage)
             ... with a magic dart
             ... on level 5 of the Dungeon.
             The game lasted 00:05:20 (3113 turns).

Borgoz the Twirler (Gargoyle Gladiator)             Turns: 3113, Time: 00:05:22

Health: 0/37       AC: 10    Str: 18    XL:     6   Next: 85%
Magic:  6/6        EV: 13    Int:  8    God:    Ashenzari [......]
Gold:   255        SH:  0    Dex: 13    Spells: 5/5 levels left

rFire    . . .     SeeInvis .   a - +0 quarterstaff
rCold    . . .     Gourm    .   (shield currently unavailable)
rNeg     + . .     Faith    .   b - +0 leather armour
rPois    ∞         Spirit   .   j - +2 helmet
rElec    +         Reflect  .   (no cloak)
rCorr    .         Harm     .   (no gloves)
MR       .....                  (no boots)
Stlth    +.........             (no amulet)
HPRegen  0.12/turn              (no ring)
MPRegen  0.10/turn              (no ring)

@: no status effects
A: negative energy resistance 1, electricity resistance, unbreathing,
petrification resistance, rot immunity, AC +4
a: Curse Item, Renounce Religion


You were on level 5 of the Dungeon.
You worshipped Ashenzari.
Ashenzari was noncommittal.
You were not hungry.

You visited 2 branches of the dungeon, and saw 6 of its levels.

You collected 255 gold pieces.

Inventory:

Hand Weapons
 a - a +0 quarterstaff (weapon)
Missiles
 d - 3 throwing nets (quivered)
Armour
 b - a +0 leather armour (worn)
 j - a +2 helmet (worn)
 m - a +0 pair of boots
Jewellery
 c - an uncursed ring of wizardry
Wands
 l - a wand of random effects (21)
Scrolls
 e - a scroll of immolation {unknown}
 g - 4 scrolls of fog {unknown}
 h - 3 scrolls of remove curse
 i - 5 scrolls of identify {unknown}
Potions
 k - a potion of haste
Comestibles
 f - 7 rations


   Skills:
 + Level 3.6 Fighting
 * Level 4.9 Staves
 - Level 1.7 Throwing
 + Level 2.8 Armour
 * Level 4.0 Dodging


You had 5 spell levels left.
You didn't know any spells.
Your spell library was empty.

Dungeon Overview and Level Annotations

Branches:
Dungeon (5/15)             Temple (1/1) D:4

Altars:
Ashenzari
Cheibriados
Dithmenos
Gozag
Kikubaaqudgha
Makhleb
Nemelex Xobeh
Sif Muna
Trog
Vehumet
Wu Jian
Zin
The Shining One


Innate Abilities, Weirdness & Mutations

You are resistant to torment.
Your stone body is resilient. (AC +4)
You are immune to poison.
You resist negative energy. (rN+)
You are resistant to electric shocks. (rElec)
You can survive without breathing.
You are immune to petrification.
You are immune to rotting.


Message History

* * * LOW HITPOINT WARNING * * *
You hit the orc but do no damage.
The orc is lightly wounded.
The orc wizard barely misses you. The orc misses you.
Okay, then.
You closely miss the orc.
The orc is lightly wounded.
The orc wizard points at you and mumbles some strange words.
You resist with some effort. The orc wizard barely misses you.
You barely miss the orc wizard. The orc hits you with a +0 mace.
* * * LOW HITPOINT WARNING * * *
The orc wizard closely misses you.
You closely miss the orc wizard.
The orc wizard casts a spell.
The orc wizard blinks!
The orc misses you.
You hit the orc.
The orc is heavily wounded.
The orc wizard gestures at you while chanting.
The magic dart hits you.
You die...

#.......#############
#.......#........#..#
#.......'........'..'
#.......#.###########
#########.##### #..
#..........# #..
#..........# +..
.[.#####o##########+##..
#....†@....# #......
#....o)§.$..... #......
#....#......... #......
#....#......... #......
#... ########## #......
##.. ....##' #. =. #..
#. #.. ##'


You could see an orc wizard and an orc.

Vanquished Creatures
  A phantom (D:3)
  A crimson imp (D:5)
  2 orc priests (D:5)
  2 orc wizards
  A worker ant (D:5)
  2 adders
  An ooze (D:3)
  2 worms (D:3)
  12 dart slugs
  6 leopard geckos
  6 orcs
  2 ball pythons
  3 giant cockroaches
  6 goblins
  3 hobgoblins
  9 jackals
  2 quokkas
  8 bats
  A frilled lizard (D:4)
  9 kobolds
  5 rats
84 creatures vanquished.

Notes
Turn   | Place    | Note
-------+----------+-------------------------------------------
     0 | D:1      | Borgoz the Gargoyle Gladiator began the quest for the Orb.
     0 | D:1      | Reached XP level 1. HP: 12/12 MP: 1/1
   118 | D:1      | Reached XP level 2. HP: 13/18 MP: 2/2
   613 | D:2      | Reached skill level 1 in Armour
   613 | D:2      | Reached XP level 3. HP: 20/22 MP: 3/3
  1173 | D:2      | Found a glowing golden altar of the Shining One.
  1437 | D:3      | Found a sparkling altar of Nemelex Xobeh.
  1441 | D:3      | Noticed a phantom
  1496 | D:3      | Killed a phantom
  1496 | D:3      | Reached XP level 4. HP: 23/28 MP: 4/4
  1496 | D:3      | Reached XP level 5. HP: 27/32 MP: 5/5
  2098 | D:4      | Reached XP level 6. HP: 25/37 MP: 6/6
  2598 | D:4      | Found a burning altar of Makhleb.
  2614 | D:4      | Found a shattered altar of Ashenzari.
  2631 | D:4      | Became a worshipper of Ashenzari the Shackled
  2711 | D:4      | Found a staircase to the Ecumenical Temple.
  2728 | Temple   | Entered the Ecumenical Temple
  2965 | D:5      | Entered Level 5 of the Dungeon
  3113 | D:5      | Killed from afar by an orc wizard

Levels and vault maps discovered:
D:1:      zaba_arrival_water, layout_basic
D:2:      layout_loops_ring, marbit_many_paths
D:3:      layout_basic, nemelex_xobeh_ov_fountains_minmay, first_ration,
          minmay_fractal_squares_gapless_5
D:4:      kennysheep_slugbush, layout_rooms, lemuel_round_altar,
          ashenzari_altar_1, minmay_temple_entry_glassed_door
D:5:      layout_gridville, overflow_temple_1_default, kennysheep_little_box
Temple:   jpeg_temple_island

Skill      XL: |  1  2  3  4  5  6 |
---------------+-------------------+-----
Armour         | 1 2 |  2.8
Dodging        | 3 4 |  4.0
Fighting       | 3 |  3.6
Staves         | 4 |  4.9
Throwing       | |  1.7

Action                   |  1- 3 |  4- 6 || total
-------------------------+-------+-------++-------
Melee: Quarterstaff      |   143 |   165 ||   308
  Use: Potion            |     2 |       ||     2
  Eat: Chunk             |     2 |     6 ||     8
Armor: Leather armour    |    69 |    77 ||   146
Dodge: Dodged            |   113 |   116 ||   229

Table legend:
 A = Non-vault XP
 B = Vault XP
 C = Vault XP percentage of total XP
 D = Non-vault monster count
 E = Vault monster count
 F = Vault count percentage of total count
                 A         B        C        D         E       F
            +---------+---------+-------+---------+---------+-------
      Total |     527 |      48 |   8.3 |      70 |      14 |  16.7
            +---------+---------+-------+---------+---------+-------
        D:1 |      29 |       0 |   0.0 |      16 |       0 |   0.0
        D:2 |      31 |       0 |   0.0 |      16 |       0 |   0.0
        D:3 |     235 |      16 |   6.4 |      25 |       6 |  19.4
        D:4 |      65 |      32 |  33.0 |       9 |       8 |  47.1
        D:5 |     167 |       0 |   0.0 |       4 |       0 |   0.0
            +---------+---------+-------+---------+---------+-------
